AoeStats
← dean03110206

Nomad

505874713Analyzed
4v4 RM · 20d ago on Sep 11, 2026· 44m 17s· 8 players
Game mode
Random Map
Map size
231×231
Population
200
Speed
Normal
Resources
Standard
Victory
Conquest
Starting age
Dark Age
Ending age
Imperial Age
RankedLock teamsTeams togetherTeam positionsShared explorationLock speedFull tech treeHidden civsTurbo modeCheats
Victory
Defeat
🇨🇳 Spanish · China
1138
+12
🇨🇳 Persians · China
1086
+14
🇨🇳 Bengalis · China
1068
+15
🇨🇳 Goths · China
1034
+16
🇹🇼 Celts · Taiwan
1059
-15
🇨🇳 Hindustanis · China
1048
-14
🇩🇰 Goths · Denmark
1033
-14
🇨🇳 Persians · China
1026
-14
sw恼火
3:34 Loom
16:24 Feudal Age
20:59 Castle Age
19:57 Double-Bit Axe
19:56 Horse Collar
30:57 Imperial Age
28:37 Gold Mining
29:38 Bow Saw
29:34 Heavy Plow
30:14 Wheelbarrow
34:31 Hand Cart
34:12 Heavy Camel Rider
36:50 Imperial Camel Rider
36:52 Light Cavalry
37:33 Husbandry
37:56 Bloodlines
38:32 Forging
40:12 Iron Casting
39:43 Scale Barding Armor
40:57 Chain Barding Armor
41:40 Gold Shaft Mining
44:12 Chemistry
43:50 Thumb Ring
43:38 Fletching
43:48 Padded Archer Armor
44:40 Ballistics
GoatToke
5:02 Loom
15:47 Feudal Age
22:57 Castle Age
21:00 Stone Mining
22:31 Fletching
29:33 Stone Shaft Mining
30:42 Bodkin Arrow
954496522
9:36 Loom
15:15 Feudal Age
15:52 Fishing Lines
17:36 Double-Bit Axe
21:27 Castle Age
22:13 Bow Saw
29:05 Gold Mining
29:42 Scale Barding Armor
29:48 Forging
29:55 Husbandry
30:06 Bloodlines
32:03 Wheelbarrow
33:24 Gold Shaft Mining
33:27 Chain Barding Armor
35:31 Hand Cart
38:59 Imperial Age
37:50 Iron Casting
38:29 Stone Mining
39:57 Plate Barding Armor
40:14 Murder Holes
41:09 Horse Collar
42:40 Conscription
43:36 Two-Man Saw
dean03110206
3:44 Loom
14:18 Feudal Age
20:09 Castle Age
19:26 Wheelbarrow
20:31 Double-Bit Axe
21:39 Pikeman
30:56 Elite Skirmisher
36:06 Imperial Age
精锐磁暴步兵
5:05 Loom
12:51 Feudal Age
13:18 Double-Bit Axe
15:21 Fishing Lines
20:00 Castle Age
19:09 Stone Mining
19:13 Gold Mining
21:05 Scale Barding Armor
21:35 Bow Saw
22:06 Husbandry
26:45 Padded Archer Armor
26:57 Bloodlines
29:31 Horse Collar
30:48 Leather Archer Armor
31:03 Heavy Plow
32:43 Stone Shaft Mining
37:04 Imperial Age
35:01 Chain Barding Armor
34:51 Forging
38:22 Wheelbarrow
37:11 Cavalier
38:27 Plate Barding Armor
38:39 Iron Casting
37:37 Capped Ram
39:05 Gillnets
40:17 Two-Man Saw
38:49 Paladin
39:50 Fervor
39:55 Block Printing
41:24 Blast Furnace
41:22 Hand Cart
40:52 Town Watch
42:15 Chemistry
41:20 Sappers
42:11 Conscription
41:39 Capped Ram
44:02 Capped Ram
棒棒糖
4:25 Loom
16:18 Feudal Age
屋顶上的轻骑兵
4:16 Loom
14:43 Feudal Age
18:01 Horse Collar
20:24 Castle Age
19:38 Double-Bit Axe
22:16 Forging
25:15 Wheelbarrow
28:31 Gold Mining
32:50 Imperial Age
31:01 Hand Cart
30:57 Stone Mining
31:44 Scale Mail Armor
32:04 Man-at-Arms
32:46 Squires
33:01 Heavy Plow
33:35 Pikeman
33:35 Long Swordsman
35:03 Bow Saw
34:51 Two-Handed Swordsman
37:41 Chemistry
36:38 Murder Holes
37:40 Iron Casting
36:56 Fletching
36:58 Halberdier
37:41 Perfusion
38:01 Conscription
39:12 Chain Mail Armor
39:59 Blast Furnace
38:55 Bodkin Arrow
40:54 Two-Man Saw
42:02 Ballistics
41:44 Padded Archer Armor
42:01 Champion
43:18 Leather Archer Armor
43:21 Town Watch
帝国种田大户
14:27 Feudal Age
18:46 Castle Age
19:24 Double-Bit Axe
19:34 Horse Collar
20:16 Bow Saw
25:33 Bloodlines
29:47 Stone Mining
29:51 Gold Mining
34:00 Imperial Age
32:51 Kamandaran
39:37 Chemistry
Connection lost

Rejoining the realm…

Still unreachable

The connection could not be restored.

Session expired

The server has moved on; the page needs a fresh start.